 Dungeon Crawl Stone Soup version 0.28.0-45-g0d030f2227 (webtiles) character file.

Game seed: 16755863951874957526

42 zeratav the Insei (level 3, 0/23 HPs)
             Began as an Octopode Transmuter on Apr 10, 2022.
             Succumbed to an adder's poison
             ... on level 2 of the Dungeon.
             The game lasted 00:01:55 (1614 turns).

zeratav the Insei (Octopode Transmuter)             Turns: 1614, Time: 00:01:56

Health: 0/23       AC:  1    Str:  9    XL:     3   Next: 54%
Magic:  6/6        EV: 13    Int: 15    God:
Gold:   32         SH:  0    Dex: 14    Spells: 5/6 levels left

rFire   . . .      SeeInvis .     - Unarmed
rCold   . . .      Faith    .   (no shield)
rNeg    . . .      Spirit   .   (helmet restricted)
rPois   .          Reflect  .   (no amulet)
rElec   .          Harm     .   (no ring)
rCorr   .          Rampage  .   (no ring)
Will    .....                   (no ring)
Stlth   +++.......              (no ring)
HPRegen 0.07/turn               (no ring)
MPRegen 0.10/turn               (no ring)
                                (no ring)
                                (no ring)

@: lethally poisoned (0 -> -3)
A: almost no armour, amphibious, 8 rings, camouflage 1, gelatinous body 1,
(nimble swimmer 1), tentacles
a: no special abilities


You were on level 2 of the Dungeon.
You visited 1 branch of the dungeon, and saw 2 of its levels.

You collected 32 gold pieces.


Innate Abilities, Weirdness & Mutations

You cannot wear most types of armour.
You are amphibious.
You can wear up to eight rings at the same time.
Your skin changes colour to match your surroundings (Stealth+).
Your rubbery body absorbs attacks. (AC +1, EV +1)
((You are camouflaged when in or above water. (Stealth+)))
You have tentacles for arms and can constrict up to eight enemies at once.


   Skills:
 + Level 1.6 Fighting
 + Level 2.3 Dodging
 + Level 1.9 Stealth
 * Level 3.6 Unarmed Combat
 - Level 2.0 Spellcasting
 - Level 2.0 Transmutations


You had 5 spell levels left.
You knew the following spells:

 Your Spells              Type           Power      Damage    Failure   Level
a - Beastly Appendage     Tmut           14%        N/A       10%         1

Your spell library contained the following spells:

 Spells                   Type           Power      Damage    Failure   Level
 Wereblood                Tmut           7%         N/A       14%         2
 Spider Form              Tmut/Pois      4%         N/A       41%         3
 Ice Form                 Ice/Tmut       4%         N/A       82%         4
 Summon Forest            Summ/Tloc      0%         N/A       99%         5
 Eringya's Noxious Bog    Tmut/Pois      2%         N/A       100%        6
 Summon Hydra             Summ           0%         N/A       100%        7

Inventory:

Scrolls
 b - a scroll of identify {unknown}
 c - a scroll of magic mapping {unknown}
 d - a scroll of fog {unknown}
Potions
 a - a potion of might {unknown}

Dungeon Overview and Level Annotations

Branches:
Dungeon (2/15)

Altars:

#. ##.. . #. ..$# .. #.
..####### $.g###.
###..##....
.......##......>[.
#........###...#
#.g#.#.†....#
#.S@)..####.## #
#.......#.......### ###
...###...#.#####...# #..
..####.#...#...#.#.# #..
.........#._.#.#.###.# .
#........#...#.......#
..#....###.#.<.#.#..####
.).........#...#.#...###
........#..#####...#...#


You could see an adder, a hobgoblin and a goblin.


Message History

Your hp is fully restored (23).
No target in view!
No target in view!
No target in view!
No target in view!
No target in view!
No target in view!
No target in view!
No target in view!
Your transformation is almost over.
A goblin comes into view. It is wielding a +0 dagger.
MP[+1]
Your mp is fully restored (6).
A goblin is nearby!
A ball python comes into view.
Your tentacle spike disappears.
The helpless ball python fails to defend itself.
You tentacle-slap the ball python.
The goblin shouts!
You grab the ball python. You constrict the ball python.
You kill the ball python!
An adder comes into view.
The adder hisses angrily.
You tentacle-slap the goblin but do no damage.
You grab the goblin. You constrict the goblin.
The goblin hits you with a +0 dagger.
HP[-1]
You take 1 damage, and now have 22/23 hp.
You tentacle-slap the goblin.
You kill the goblin!
A hobgoblin comes into view. It is wielding a +0 dagger.
Items here: ! $ ) †.
The adder completely misses you.
The hobgoblin shouts!
You tentacle-slap the adder. Your grab misses the adder.
Your tentacle-slap misses the adder.
You hear a shout!
The adder bites you.
You are poisoned.
The adder poisons you!
HP[-4]
You take 4 damage, and now have 18/23 hp.
You closely miss the adder. Your grab misses the adder.
You feel sick. The adder closely misses you.
HP[-1]
You take 1 damage, and now have 17/23 hp.
You tentacle-slap the adder but do no damage.
Your grab misses the adder. You tentacle-slap the adder.
You feel sick. The adder misses you. The adder bites you.
HP[-3]
You take 3 damage, and now have 14/23 hp.
You barely miss the adder. Your grab misses the adder.
Your squeeze misses the adder.
You feel sick. The adder bites you.
* * * LOW HITPOINT WARNING * * *
You are too injured to fight recklessly!
HP[-3]
You take 3 damage, and now have 11/23 hp.
You are too injured to fight recklessly!
You are too injured to fight recklessly!
You are too injured to fight recklessly!
You are too injured to fight recklessly!
You are too injured to fight recklessly!
You are too injured to fight recklessly!
You are too injured to fight recklessly!
You are too injured to fight recklessly!
You are too injured to fight recklessly!
You are too injured to fight recklessly!
You are too injured to fight recklessly!
You are too injured to fight recklessly!
You are too injured to fight recklessly!
You are too injured to fight recklessly!
You are too injured to fight recklessly!
You barely miss the adder. Your grab misses the adder.
You feel sick.
You are no longer poisoned.
The hobgoblin misses you.
A goblin comes into view. It is wielding a +0 club.
The adder closely misses you.
HP[-1]
You take 1 damage, and now have 10/23 hp.
You tentacle-slap the adder. Your grab misses the adder.
Your squeeze misses the adder.
The hobgoblin hits you with a +0 dagger.
* * * LOW HITPOINT WARNING * * *
The adder bites you.
* * * LOW HITPOINT WARNING * * *
You are poisoned.
The adder poisons you!
HP[-2]
You take 2 damage, and now have 8/23 hp.
You barely miss the hobgoblin. Your grab misses the hobgoblin.
You feel sick. The adder closely misses you.
The hobgoblin hits you with a +0 dagger.
* * * LOW HITPOINT WARNING * * *
HP[-7]
You take 7 damage, and now have 1/23 hp.
MASSIVE DAMAGE!! (PAUSE)
You closely miss the hobgoblin. You grab the hobgoblin.
You squeeze the hobgoblin.
You constrict the hobgoblin, but do no damage.
You die...

Skill      XL: |  1  2 |
---------------+-------+-----
Stealth        | 1 |  1.9
Fighting       | |  1.6
Dodging        | |  2.3
Unarmed Combat | |  3.6
Spellcasting   | |  2.0
Transmutations | |  2.0

Action                   || total
-------------------------++-------
Melee: Unarmed           ||    67
       Constrict         ||    15
       Tentacles         ||    12
       Kick              ||    13
       Punch             ||     2
 Cast: Beastly Appendage ||    18
 Stab: Sleeping          ||    12
Armor: Skin              ||     6
Dodge: Dodged            ||    39

Levels and vault maps discovered:
D:1:      tarquinn_simple_flora_water_d, layout_basic
D:2:      layout_rooms, basic_altar, nicolae_ecumenical_oubliette, hex_tiny,
          uniq_robin, uniq_jessica

Notes
Turn   | Place    | Note
-------+----------+-------------------------------------------
     0 | D:1      | zeratav the Octopode Transmuter began the quest for the
                  | Orb.
     0 | D:1      | Reached XP level 1. HP: 13/13 MP: 3/3
     0 | D:1      | magus.rc [v1.9.6]
    61 | D:1      | Reached XP level 2. HP: 8/18 MP: 5/5
   251 | D:1      | Reached skill level 1 in Stealth
   258 | D:1      | You add the spells Summon Forest, Eringya's Noxious Bog and
                  | Summon Hydra to your library.
   957 | D:1      | Reached XP level 3. HP: 23/23 MP: 4/6
  1351 | D:2      | Found a faded altar of an unknown god.
  1613 | D:2      | HP: 1/23 [hobgoblin/+0 dagger (6)]
  1614 | D:2      | Succumbed to an adder's poison

Vanquished Creatures
  A dart slug (D:1)
  4 ball pythons
  6 endoplasms
  2 giant cockroaches (D:1)
  3 goblins
  A hobgoblin (D:1)
  4 kobolds (D:1)
  4 quokkas (D:1)
  4 bats
  A frilled lizard (D:2)
  5 rats (D:1)
35 creatures vanquished.

Table legend:
 A = Non-vault XP
 B = Vault XP
 C = Vault XP percentage of total XP
 D = Non-vault monster count
 E = Vault monster count
 F = Vault count percentage of total count
                 A         B        C        D         E       F
            +---------+---------+-------+---------+---------+-------
      Total |      60 |       0 |   0.0 |      35 |       0 |   0.0
            +---------+---------+-------+---------+---------+-------
        D:1 |      43 |       0 |   0.0 |      25 |       0 |   0.0
        D:2 |      17 |       0 |   0.0 |      10 |       0 |   0.0
            +---------+---------+-------+---------+---------+-------

Illustrated notes

Table legend:
 A = Kills in this place as a percentage of kills in entire the game.
 B = Kills by you in this place as a percentage of kills by you in the entire game.
 C = Kills by friends in this place as a percentage of kills by friends in the entire game.
 D = Other kills in this place as a percentage of other kills in the entire game.
 E = Experience gained in this place as a percentage of experience gained in the entire game.
 F = Experience gained in this place divided by the number of levels of this place that you have seen.
                   A       B       C       D       E      F
               +-------+-------+-------+-------+-------+----------------------
         Total | 100.0 | 100.0 |   N/A |   N/A | 100.0 |  30.0
       Dungeon | 100.0 | 100.0 |   N/A |   N/A | 100.0 |  30.0
               +-------+-------+-------+-------+-------+----------------------

Table legend: (Time is in decaauts)
 A = Elapsed time spent in this place.
 B = Non-inter-level travel time spent in this place.
 C = Inter-level travel time spent in this place.
 D = Time resting spent in this place.
 E = Time spent auto-exploring this place.
 F = Levels seen in this place.
 G = Mean time per level.
                   A        B        C        D        E       F      G
               +--------+--------+--------+--------+--------+-----+--------+
         Total |   1609 |   1560 |     49 |    425 |    931 |   2 |  804.5 |
       Dungeon |   1609 |   1560 |     49 |    425 |    931 |   2 |  804.5 |
               +--------+--------+--------+--------+--------+-----+--------+

Top non-repeatable levels by time:
     D:1: 1344 daAuts
     D:2: 265 daAuts
